 Dungeon Crawl Stone Soup version 0.16.1-18-g436b03c (webtiles) character file.

844 maniek23 the Covert (level 7, 0/48 HPs)
             Began as a Vampire Enchanter on May 9, 2015.
             Was a Believer of Dithmenos.
             Killed by nerve-wracking pain
             ... invoked by an orc priest
              (6 damage)
             ... on level 5 of the Dungeon.
             The game lasted 00:17:07 (3868 turns).

maniek23 the Covert (Vampire Enchanter)             Turns: 3868, Time: 00:17:07

Health: 0/48       AC:  3    Str:  8    XL:     7   Next: 68%
Magic:  3/15       EV: 14    Int: 17    God:    Dithmenos [**....]
Gold:   267        SH:  0    Dex: 15    Spells: 3 memorised, 7 levels left

rFire  . . .     SeeInvis +     z - +0 dagger (speed)
rCold  + . .     Clarity  .     b - +1 robe
rNeg   + + .     SustAb   .     (no shield)
rPois  +         Gourm    .     i - +0 hat
rElec  .         Spirit   .     (no cloak)
rCorr  .         Warding  .     (no gloves)
rMut   .         Stasis   .     (no boots)
MR     .....                    (no amulet)
Stlth  ++++++....               (no ring)
                                (no ring)

@: regenerating slowly, wreathed by umbra, not resistant to hostile
enchantments, very stealthy
A: bottle blood, fangs 3, see invisible, unbreathing
a: Bat Form, Shadow Step, Renounce Religion


You were on level 5 of the Dungeon.
You worshipped Dithmenos.
Dithmenos was pleased with you.
You were very thirsty.

You visited 2 branches of the dungeon, and saw 6 of its levels.

You collected 267 gold pieces.

Inventory:

Hand weapons
 a - a +1 dagger
 z - a +0 dagger of speed (weapon)
Armour
 b - a +1 robe (worn)
 i - a +0 hat (worn)
Jewellery
 k - an uncursed ring of fire
 r - an uncursed amulet of resist mutation {unknown}
Magical devices
 u - a wand of hasting (7)
 y - a wand of random effects (21)
Scrolls
 e - 5 scrolls of remove curse {unknown}
 g - 7 scrolls of identify {unknown}
 h - 2 scrolls of random uselessness {unknown}
 j - a scroll of fog {unknown}
 l - 2 scrolls of enchant weapon {unknown}
 p - a scroll of enchant armour {unknown}
 q - a scroll of teleportation {unknown}
 s - a scroll of blinking {unknown}
 t - 2 scrolls of fear {unknown}
 v - 2 scrolls of recharging {unknown}
Potions
 d - 21 potions of blood
 f - 3 potions of cure mutation {unknown}
 m - 3 potions of curing {unknown}
 n - a potion of beneficial mutation {unknown}
 o - 2 potions of lignification {unknown}
 w - a potion of invisibility {unknown}
 x - a potion of agility {unknown}
Books
 c - a book of Maledictions

   Spells                             Type                      Level
   a - Corona                         Hexes                        1
   b - Sure Blade                     Hexes/Charms                 2
   c - Ensorcelled Hibernation        Hexes/Ice                    2
   d - Confuse                        Hexes                        3
   e - Dazzling Spray                 Conjuration/Hexes            3
   f - Enslavement                    Hexes                        4


   Skills:
 + Level 1.5 Fighting
 + Level 2.2 Short Blades
 + Level 4.6 Dodging
 + Level 8.5 Stealth
 + Level 3.7 Spellcasting
 + Level 6.7 Hexes
 + Level 2.0 Ice Magic


You had 7 spell levels left.
You knew the following spells:

 Your Spells              Type           Power        Failure   Level  Hunger
a - Corona                Hex            ####...      1%          1    None
b - Ensorcelled Hibernat  Hex/Ice        ###...       4%          2    ##.....
c - Confuse               Hex            ####....     3%          3    ###....


Dungeon Overview and Level Annotations

Branches:
Dungeon (5/15)             Temple (1/1) D:4

Altars:
Ashenzari
Cheibriados
Dithmenos
Elyvilon
Fedhas
Gozag
Kikubaaqudgha
Makhleb
Qazlal
Ru
Sif Muna
Vehumet
Yredelemnul
Zin
The Shining One

Annotations:
D:5 4 runed doors


Innate Abilities, Weirdness & Mutations

You heal slowly.
You can bottle blood from corpses.
You have razor-sharp teeth.
You have supernaturally acute eyesight.
You can survive without breathing.


Message History

You hit the orc priest. Your bite misses the orc priest.
The orc priest is severely wounded.
The orc priest barely misses you.
You barely miss the orc priest.
The orc priest is severely wounded.
The orc priest hits you with a club.
You hit the orc priest.
The orc priest is almost dead.
You barely miss the orc priest.
The orc priest is almost dead.
The orc priest mumbles some strange prayers to Beogh against you.
Something smites you!
* * * LOW HITPOINT WARNING * * *
You hit the orc priest but do no damage.
The orc priest is almost dead.
You hit the orc priest but do no damage.
The orc priest is almost dead.
The orc priest invokes the aid of Beogh against you.
Pain shoots through your body!
You die...

## ### #### ..# ##.# ##..#
##.##..# ####...# ##...#..#
#.#....# # ####...#...## #.......
#.. .......#....#####......# ...
#.....o#...)...........# # .# #
#...@.....#.........# ## .....#
###................## .##.....#
##...............# ........##
#................# .........###
#....#............#
..........[###...##............#
................###............##
................####............#
..................##............#


You could see an orc priest.

Vanquished Creatures
  2 phantoms (D:4)
  A scorpion (D:5)
  3 vampire bats (D:5)
  A crimson imp (D:5)
  A giant frog skeleton (D:5)
  2 orc priests (D:5)
  An iguana (D:4)
  An orc wizard (D:4)
  4 worker ants (D:4)
  A hound skeleton (D:5)
  8 adders
  A giant mite (D:3)
  A shadow imp (D:4)
  2 worms
  An adder skeleton (D:5)
  4 giant geckos
  12 orcs
  3 bat skeletons (D:5)
  2 bat zombies (D:5)
  4 giant cockroaches
  8 goblins
  10 hobgoblins
  6 kobolds
  A quokka (D:3)
  2 ball pythons
  8 bats
  A giant newt (D:2)
  2 jackals (D:4)
  13 rats
106 creatures vanquished.

Notes
Turn   | Place    | Note
--------------------------------------------------------------
     0 | D:1      | maniek23, the Vampire Enchanter, began the quest for the Orb.
     0 | D:1      | Reached XP level 1. HP: 13/13 MP: 3/3
   268 | D:1      | Reached XP level 2. HP: 8/19 MP: 2/4
   616 | D:2      | Reached skill level 5 in Stealth
   721 | D:2      | Learned a level 2 spell: Ensorcelled Hibernation
   735 | D:2      | Reached XP level 3. HP: 24/24 MP: 6/6
   778 | D:2      | Found a shadowy altar of Dithmenos.
   789 | D:2      | Became a worshipper of Dithmenos the Shadowed
   832 | D:2      | Reached skill level 5 in Hexes
  1121 | D:2      | Reached skill level 1 in Ice Magic
  1121 | D:2      | Reached XP level 4. HP: 31/31 MP: 5/8
  1382 | D:3      | Found an opulent altar of Gozag.
  1530 | D:3      | Found an opulent altar of Gozag.
  2153 | D:4      | Found a staircase to the Ecumenical Temple.
  2164 | D:4      | Found a blossoming altar of Fedhas.
  2274 | D:4      | Reached XP level 5. HP: 32/36 MP: 4/9
  2380 | D:4      | Found a stormy altar of Qazlal.
  2409 | D:4      | Reached skill level 6 in Stealth
  2437 | D:4      | Learned a level 3 spell: Confuse
  2446 | D:4      | Reached skill level 1 in Fighting
  2593 | Temple   | Entered the Ecumenical Temple
  2890 | D:4      | Found a shattered altar of Ashenzari.
  2893 | D:4      | Reached XP level 6. HP: 43/43 MP: 12/12
  2915 | D:4      | Noticed a phantom
  2941 | D:4      | Killed a phantom
  2941 | D:4      | Reached skill level 7 in Stealth
  3043 | D:4      | Noticed a phantom
  3086 | D:4      | Killed a phantom
  3086 | D:4      | Reached XP level 7. HP: 41/48 MP: 10/15
  3289 | D:5      | Entered Level 5 of the Dungeon
  3405 | D:5      | Reached skill level 8 in Stealth
  3471 | D:5      | Acquired Dithmenos' first power
  3480 | D:5      | Found an ancient bone altar of Kikubaaqudgha.
  3654 | D:5      | Found a large runed door.
  3655 | D:5      | Found a large runed door.
  3666 | D:5      | Found a large runed door.
  3666 | D:5      | Found a large runed door.
  3802 | D:5      | Found a burning altar of Makhleb.
  3802 | D:5      | Found a deep blue altar of Sif Muna.
  3868 | D:5      | Killed from afar by an orc priest

Action                   |  1- 3 |  4- 6 |  7- 9 || total
-------------------------+-------+-------+-------++-------
Melee: Dagger            |   104 |   144 |   119 ||   367
 Cast: Corona            |     9 |    11 |     1 ||    21
       Ensorcelled Hiber |     6 |    24 |    11 ||    41
       Confuse           |       |     6 |     1 ||     7
  Use: Potion            |       |     1 |     1 ||     2
 Stab: Sleeping          |    11 |    27 |    11 ||    49
       Confused          |       |     5 |       ||     5
  Eat: Corpse            |     6 |     2 |       ||     8
